 Dungeon Crawl Stone Soup version 0.28.0 (webtiles) character file.

Game seed: 7627790410075055169

10 PublicAnimeNo1 the Sneak (level 2, -2/27 HPs)
             Began as a Kobold Brigand on Feb 14, 2022.
             Frozen to death by an endoplasm (5 damage)
             ... on level 1 of the Dungeon.
             The game lasted 00:00:41 (210 turns).

PublicAnimeNo1 the Sneak (Kobold Brigand)            Turns: 210, Time: 00:00:42

Health: -2/27      AC: 21    Str:  8    XL:     2   Next: 30%
Magic:  2/2        EV:  3    Int: 18    God:
Gold:   13         SH:  0    Dex: 16    Spells: 1/1 levels left

rFire   . . .      SeeInvis .   a - +2 dagger
rCold   . . .      Faith    .   (no shield)
rNeg    . . .      Spirit   .   (armour currently unavailable)
rPois   +          Reflect  .   (helmet currently unavailable)
rElec   .          Harm     .   (cloak currently unavailable)
rCorr   .          Rampage  .   (gloves currently unavailable)
Will    .....      NoTele   +   (boots currently unavailable)
Stlth   ++++......              (no amulet)
HPRegen 0.09/turn               f - +6 ring of intelligence
MPRegen 0.08/turn               (no ring)

@: tree-form
A: stationary, stasis, torment immunity, boosted hp, small, no large weapons,
nightstalker 3
a: no special abilities


You were on level 1 of the Dungeon.
You were a tree.
You visited 1 branch of the dungeon, and saw 1 of its levels.

You collected 13 gold pieces.

Inventory:

Hand Weapons
 a - a +2 dagger (weapon)
Missiles
 d - 8 poisoned darts (quivered)
 e - 2 curare-tipped darts
Armour
 b - a +0 robe (melded)
 c - a +0 cloak (melded)
Jewellery
 f - a +6 ring of intelligence (left branch)
Scrolls
 h - a scroll of teleportation {unknown}
Potions
 i - a potion of curing {unknown}


   Skills:
 + Level 2.4 Fighting
 * Level 3.2 Short Blades
 - Level 2.1 Throwing
 + Level 1.5 Dodging
 + Level 5.4 Stealth


You had one spell level left.
You didn't know any spells.
Your spell library was empty.

Dungeon Overview and Level Annotations

Branches:
Dungeon (1/15)

Altars:


Innate Abilities, Weirdness & Mutations

You are a tree.
Your roots penetrate the ground, keeping you stationary.
You cannot be teleported.
You are immune to unholy pain and torment.
Your maximum health is greatly increased.
Your equipment is partially melded.
You are small and have problems with some larger weapons.
You are completely attuned to the shadows.


Message History

You hit the giant cockroach but do no damage.
The giant cockroach is almost dead.
The endoplasm closely misses you. The giant cockroach closely misses you.
You barely miss the giant cockroach.
The giant cockroach is almost dead.
The endoplasm freezes you.
You are frozen.
The giant cockroach barely misses you.
You hit the giant cockroach but do no damage.
The giant cockroach is almost dead.
The giant cockroach bites you. The endoplasm hits you.
You hit the giant cockroach but do no damage.
The giant cockroach is almost dead.
The giant cockroach bites you but does no damage.
The endoplasm freezes you.
You are frozen.
* * * LOW HITPOINT WARNING * * *
The giant cockroach closely misses you.
You hit the giant cockroach.
You kill the giant cockroach!
The endoplasm hits you.
* * * LOW HITPOINT WARNING * * *
You hit the endoplasm but do no damage. You hit the endoplasm.
The endoplasm is lightly wounded.
The endoplasm barely misses you.
You hit the endoplasm.
The endoplasm is heavily wounded.
The endoplasm misses you.
It was a potion of lignification.
You turn into a tree.
Your +0 cloak melds into your body.
Your +0 robe melds into your body.
Your roots penetrate the ground.
The endoplasm hits you but does no damage.
You hit the endoplasm.
The endoplasm is heavily wounded.
The endoplasm hits you but does no damage.
You hit the endoplasm.
The endoplasm is almost dead.
The endoplasm freezes you.
You are frozen.
You die...

######............ >
##......###.#...##.
..###[.######
#.###.... ......##
#.#...... #....##
#.#...... ......#
##.#..^... ###...#
#......... #.#.####
#.........
#.#.♣J.#####..#......
#...##..............
##...##..##...#.....
#....#.).....
#......#†#..#
.........# .........#
.......... ....#.###


You could see an endoplasm.

Vanquished Creatures
  A giant cockroach (D:1)
  3 goblins (D:1)
  2 hobgoblins (D:1)
  A frilled lizard (D:1)
  2 rats (D:1)
9 creatures vanquished.

Notes
Turn   | Place    | Note
-------+----------+-------------------------------------------
     0 | D:1      | PublicAnimeNo1 the Kobold Brigand began the quest for the
                  | Orb.
     0 | D:1      | Reached XP level 1. HP: 12/12 MP: 1/1
   161 | D:1      | Reached XP level 2. HP: 18/18 MP: 2/2
   210 | D:1      | Frozen to death by an endoplasm

Illustrated notes

Levels and vault maps discovered:
D:1:      dpeg_arrival_arbitrary_b, layout_rooms, chequers_serial_rivers_micro_e

Skill      XL: |  1 |
---------------+----+-----
Short Blades   | 3 |  3.2
Fighting       | |  2.4
Throwing       | |  2.1
Dodging        | |  1.5
Stealth        | |  5.4

Action                   || total
-------------------------++-------
Melee: Dagger            ||    42
  Use: Potion            ||     1
 Stab: Sleeping          ||     4
Armor: Robe              ||     7
       Skin              ||     2
Dodge: Dodged            ||    38
